 Dungeon Crawl Stone Soup version 0.14-a0-3424-g5348755 (webtiles) character file.

3144 KaKa the Spear-Bearer (level 9, -4/70 HPs)
             Began as a Hill Orc Fighter on Mar 22, 2014.
             Was an Initiate of Beogh.
             Slain by a troll (5 damage)
             ... on Level 9 of the Dungeon.
             The game lasted 00:36:14 (9266 turns).

KaKa the Spear-Bearer (Hill Orc Fighter)            Turns: 9266, Time: 00:36:14

HP  -4/70        AC 13     Str 23      XL: 9   Next: 66%
MP   9/9         EV  4     Int 11 (13) God: Beogh [......]
Gold 433         SH 21     Dex 13      Spells:  0 memorised,  8 levels left

rFire  . . .     SeeInvis .     a - +2,+3 trident
rCold  + . .     Clarity  .     V - +0 plate armour
rNeg   . . .     Conserve .     c - +1 shield
rPois  .         rCorr    .     A - +0 helmet
rElec  .         rRot     .     (no cloak)
SustAb . .       Spirit   .     (no gloves)
rMut   .         Warding  .     (no boots)
Saprov + . .     Stasis   .     (no amulet)
MR     .....                    H - +4 ring of strength
                                F - ring of protection from cold

@: brilliant, not resistant to hostile enchantments, extremely unstealthy
A: saprovore 1
a: Renounce Religion


You were on level 9 of the Dungeon.
You worshipped Beogh.
Beogh was noncommittal.
You were hungry.

You visited 1 branch of the dungeon, and saw 10 of its levels.

You collected 433 gold pieces.

Inventory:

Hand weapons
 a - a +2,+3 trident (weapon)
 b - a +1,+0 bow
 e - a +1,+0 whip of freezing
 m - a +1,+0 dagger of electrocution
 R - a +1,+0 scythe of protection
 X - a +1,+1 flail of crushing
Missiles
 I - 8 tomahawks (quivered)
 L - 7 arrows of frost
 W - 31 arrows
Armour
 c - a +1 shield (worn)
 A - a +0 helmet (worn)
 C - a +2 robe of magic resistance
 V - a +0 plate armour (worn)
Magical devices
 h - a wand of draining (3)
 s - a wand of disintegration (14)
 B - a wand of confusion (10) {unknown}
 D - a wand of frost (6)
 N - a wand of random effects (19)
 O - a wand of magic darts (15) {unknown}
 Z - a wand of cold (2) {unknown}
Comestibles
 d - 4 meat rations
 f - 4 bread rations
 p - an apple
 P - a lychee
 Q - 11 sultanas
 S - a choko
Scrolls
 i - 2 scrolls of recharging
 j - 4 scrolls of teleportation
 k - 2 scrolls of remove curse
 v - a scroll of magic mapping
 y - 2 scrolls of fog
 z - 2 scrolls of enchant armour
 K - a scroll of blinking
 M - a scroll of amnesia
Jewellery
 t - a +3 ring of strength
 E - an uncursed ring of protection from cold
 F - a ring of protection from cold (left hand)
 H - a +4 ring of strength (right hand)
 Y - a +3 ring of strength
Potions
 g - a potion of flight {unknown}
 l - a potion of mutation {unknown}
 o - 2 potions of agility
 q - a potion of magic {unknown}
 r - a potion of resistance {unknown}
 u - a potion of berserk rage {unknown}
 w - a potion of brilliance
 x - 5 potions of curing
 G - a potion of paralysis {unknown}
 J - 2 potions of restore abilities {unknown}
 T - a potion of heal wounds


   Skills:
 - Level 3.6 Fighting
 + Level 13.6 Polearms
 - Level 3.2 Armour
 - Level 3.2 Shields


You had 8 spell levels left.
You didn't know any spells.

Dungeon Overview and Level Annotations

Branches:
Dungeon (10/15)            Temple (0/1) D:4
    Orc: D:9-12        Lair: D:8-11

Altars:
Elyvilon
Kikubaaqudgha
Nemelex Xobeh
Trog
Yredelemnul


Innate Abilities, Weirdness & Mutations

You can tolerate rotten meat.


Message History

The troll bites you but does no damage. The troll claws you.
* * * LOW HITPOINT WARNING * * *
You block the troll's attack.
The orc priest shouts, "Join the one true god or die!"
Use which ability? (? or * to list)
You can't do that.
Use which ability? (? or * to list)
You bow before the missionary of Beogh.
Beogh welcomes you!
With a roar of approval, the orcs welcome you as one of their own, and spare your life.
The orc wizard barely misses the troll.
The deep elf mage gestures at you while chanting.
The shard of ice hits the orc priest.
The orc priest dies!
The troll bites you!
* * * LOW HITPOINT WARNING * * *
The troll claws you!
* * * LOW HITPOINT WARNING * * *
The troll claws you.
You die...

# e# . )# ###
#..######o###..
...
.........T..)....
.# #@# .# #.#. .#
#.#.# ## . #.#.#
... ###.# ....
#?#.# ...
......#.....
#.#.# ...
............
#.#.####.#
......#.....##
#.....##.#
......#......#
#.....##.#


You could see a troll, a deep elf mage and a neutral orc wizard (wandering).

Vanquished Creatures
  Pikel (D:4)
  A wraith (D:7)
  A hill giant zombie (D:9)
  A hippogriff (D:9)
  Menkaure (D:7)
  2 ice beasts
  An orc warrior (D:8)
  3 ogres
  2 centaurs
  Sigmund (D:7)
  3 giant frogs
  A scorpion (D:6)
  A troll skeleton (D:8)
  4 crimson imps
  A giant frog skeleton (D:8)
  2 hounds
  An elf zombie (D:7)
  A jelly (D:6)
  An iguana (D:4)
  2 worker ants
  Ijyb (D:3)
  Jessica (D:3)
  An ogre skeleton (D:4)
  A worker ant zombie (D:9)
  A mummy (D:7)
  An orc zombie (D:7)
  7 adders
  A giant mite (D:7)
  A shadow imp (D:5)
  5 worms
  A giant eyeball (D:7)
  2 giant geckos
  2 oozes
  11 orcs
  4 ball pythons
  16 bats
  2 bat skeletons
  A bat zombie (D:6)
  12 goblins
  10 hobgoblins
  11 kobolds
  3 quokkas
  4 giant cockroaches
  A giant gecko skeleton (D:5)
  9 giant newts
  A giant spore (D:6)
  5 jackals (D:2)
  2 kobold skeletons
  A quokka zombie (D:7)
  21 rats
  2 ballistomycetes (D:6)
172 creatures vanquished.

Vanquished Creatures (others)
  A wizard (D:7)
  An orc priest (D:9)
  A hobgoblin (D:4)
3 creatures vanquished.

Grand Total: 175 creatures vanquished

Notes
Turn   | Place    | Note
--------------------------------------------------------------
     0 | D:1      | KaKa, the Hill Orc Fighter, began the quest for the Orb.
     0 | D:1      | Reached XP level 1. HP: 19/19 MP: 1/1
   103 | D:1      | Reached XP level 2. HP: 26/26 MP: 2/2
   655 | D:2      | Reached XP level 3. HP: 29/31 MP: 3/3
   782 | D:2      | Reached skill level 4 in Polearms
  1044 | D:2      | Reached XP level 4. HP: 16/39 MP: 4/4
  1607 | D:2      | Reached skill level 5 in Polearms
  2482 | D:3      | Noticed Jessica
  2489 | D:3      | Killed Jessica
  2489 | D:3      | Reached XP level 5. HP: 45/45 MP: 5/5
  2842 | D:3      | Noticed Ijyb
  2850 | D:3      | Killed Ijyb
  3339 | D:4      | Reached skill level 6 in Polearms
  3493 | D:4      | Found a sparkling altar of Nemelex Xobeh.
  3496 | D:4      | Found a white marble altar of Elyvilon.
  3499 | D:4      | Found a basalt altar of Yredelemnul.
  3782 | D:4      | Noticed Pikel
  3782 | D:4      | Noticed a slave
  3783 | D:4      | Noticed a slave
  3806 | D:4      | Noticed a slave
  3807 | D:4      | Noticed a slave
  3848 | D:4      | Killed Pikel
  3848 | D:4      | Reached skill level 9 in Polearms
  3848 | D:4      | Reached XP level 6. HP: 21/51 MP: 6/6
  3848 | D:4      | Reached XP level 7. HP: 23/57 MP: 7/7
  4066 | D:4      | Found a staircase to the Ecumenical Temple.
  4588 | D:5      | Entered Level 5 of the Dungeon
  4832 | D:5      | Reached XP level 8. HP: 35/64 MP: 8/8
  5413 | D:5      | Found an ancient bone altar of Kikubaaqudgha.
  5443 | D:5      | Reached skill level 10 in Polearms
  6328 | D:6      | Reached skill level 11 in Polearms
  7191 | D:7      | Paralysed by a giant eyeball for 4 turns
  7502 | D:7      | Noticed Menkaure
  7519 | D:7      | Killed Menkaure
  7559 | D:7      | Reached skill level 12 in Polearms
  7571 | D:7      | Reached XP level 9. HP: 70/70 MP: 9/9
  7637 | D:7      | Found a bloodstained altar of Trog.
  7637 | D:7      | Noticed a wizard
  7637 | D:7      | Noticed Sigmund
  7643 | D:7      | Killed a wizard
  7654 | D:7      | Killed Sigmund
  8706 | D:8      | Reached skill level 13 in Polearms
  9167 | D:10     | Entered Level 10 of the Dungeon
  9266 | D:9      | Became a worshipper of Beogh the Brigand
  9266 | D:9      | HP: 1/70 [troll (7)]
  9266 | D:9      | Slain by a troll

Action                   |  1- 3 |  4- 6 |  7- 9 || total
-------------------------+-------+-------+-------++-------
Melee: Trident           |   146 |   193 |   412 ||   751
 Fire: Bow               |       |       |    13 ||    13
Throw: Dart              |       |    11 |     6 ||    17
Invok: Convert to Beogh  |       |       |     1 ||     1
Evoke: Wand              |       |     1 |     8 ||     9
  Use: Potion            |     2 |     3 |     5 ||    10
       Scroll            |       |     1 |    22 ||    23
 Stab: Distracted        |       |       |     1 ||     1
